 Dungeon Crawl Stone Soup version 0.29-a0-668-g12ee2bf84d (webtiles) character file.

Game seed: 10801135481787477484

2 Newt the Chucker (level 1, -1/14 HPs)
             Began as a Meteoran Wanderer on June 23, 2022.
             Slain by a rat (2 damage)
             ... on level 1 of the Dungeon.
             The game lasted 00:00:21 (66 turns).

Newt the Chucker (Meteoran Wanderer)                  Turns: 66, Time: 00:00:22

Health: -1/14      AC:  2    Str: 13    XL:     1   Next: 57%
Magic:  3/3        EV: 11    Int: 15    God:
Gold:   0          SH:  0    Dex: 11    Spells: 1/2 levels left

rFire   . . .      SeeInvis .   a - +2 dagger
rCold   . . .      Faith    .   (no shield)
rNeg    . . .      Spirit   .   e - +0 robe
rPois   .          Reflect  .   (no helmet)
rElec   .          Harm     .   (no cloak)
rCorr   .          Rampage  .   (no gloves)
Will    .....                   (no boots)
Stlth   +.........              (no amulet)
HPRegen 0.04/turn               (no ring)
MPRegen 0.08/turn               (no ring)

@: glowing
A: sense surroundings 1, otherworldly, glowing, explore regen
a: no special abilities


You were on level 1 of the Dungeon.
You visited 1 branch of the dungeon, and saw 1 of its levels.

Inventory:

Hand Weapons
 a - a +2 dagger (weapon)
Missiles
 b - 4 curare-tipped darts (quivered)
Armour
 e - a +0 robe (worn)
Scrolls
 c - a scroll of vulnerability
 d - a scroll of blinking


   Skills:
 + Level 4.8 Throwing
 + Level 1.0 Stealth
 + Level 1.3 Spellcasting
 + Level 4.5 Ice Magic


You had one spell level left.
You knew the following spells:

 Your Spells              Type           Power      Damage    Failure   Level
a - Freeze                Ice            56%        1d7       3%          1

Your spell library contained the following spells:

 Spells                   Type           Power      Damage    Failure   Level
 Ozocubu's Armour         Ice            14%        N/A       11%         3


Dungeon Overview and Level Annotations

Branches:
Dungeon (1/15) Zot: 533

Altars:


Innate Abilities, Weirdness & Mutations

You passively map a small area around you.
You are easily found by Zot.
You glow in the dark.
You regain HP and MP as you explore.


Message History

The rat twitches its whiskers.
Unknown command.
You closely miss the hobgoblin.
The frilled lizard hisses angrily.
The hobgoblin hits you.
You hit the hobgoblin.
The hobgoblin is severely wounded.
The giant cockroach closely misses you. The hobgoblin misses you.
You barely miss the hobgoblin.
The hobgoblin is severely wounded.
The giant cockroach bites you.
The hobgoblin hits you but does no damage.
You barely miss the hobgoblin.
The hobgoblin is severely wounded.
The giant cockroach bites you but does no damage.
The rat barely misses you.
The giant cockroach bites you but does no damage.
The hobgoblin barely misses you.
You hit the hobgoblin but do no damage. You punch the hobgoblin.
You kill the hobgoblin!
The giant cockroach bites you. The rat bites you.
You are too injured to fight recklessly!
You are too injured to fight recklessly!
You are too injured to fight recklessly!
You are too injured to fight recklessly!
You are too injured to fight recklessly!
The rat attacks as you move away! The rat bites you.
The rat attacks as you move away! The rat closely misses you.
The rat attacks as you move away! The rat bites you.
* * * LOW HITPOINT WARNING * * *
You barely miss the giant cockroach.
The giant cockroach completely misses you.
The rat bites you.
* * * LOW HITPOINT WARNING * * *
The giant cockroach bites you.
* * * LOW HITPOINT WARNING * * *
You hit the giant cockroach but do no damage.
The giant cockroach bites you but does no damage.
The rat bites you.
You die...

...## .............. .....
* ##.......... ....# **
#..........,## ....#
###........##..# * * ....#
*................* #, ,,
#............. , ####**
###.####..#.....# ...###
##.(.####rl.# ....# ,
##...###...###..@B###, ....
.##.......##...)..# *, ..#
, ..###.<.###...###.##
,....#
.##.......##.*###..#.....,#
##...###...####..........,
...### ###...##.###......
#### ####.#.# #...## #
##..# .#.# * .# #### * #.#


You could see a giant cockroach, a frilled lizard and a rat.

Vanquished Creatures
  An endoplasm (D:1)
  A hobgoblin (D:1)
2 creatures vanquished.

Notes
Turn   | Place    | Note
-------+----------+-------------------------------------------
     0 | D:1      | Newt the Meteoran Wanderer began the quest for the Orb.
     0 | D:1      | Newt set off with the following items: a +2 dagger, 4
                  | curare-tipped darts, a scroll of vulnerability, a scroll of
                  | blinking, a +0 robe; and the following spell memorised:
                  | Freeze; and the following spells available to memorise:
                  | Ozocubu's Armour.
     0 | D:1      | Reached XP level 1. HP: 14/14 MP: 3/3
    66 | D:1      | Slain by a rat

Illustrated notes

Levels and vault maps discovered:
D:1:      dpeg_arrival_simpleton_a, layout_rooms

Action                   || total
-------------------------++-------
Melee: Dagger            ||     9
       Punch             ||     1
Armor: Robe              ||     5
Dodge: Dodged            ||     7

Table legend: (Time is in decaauts)
 A = Elapsed time spent in this place.
 B = Non-inter-level travel time spent in this place.
 C = Inter-level travel time spent in this place.
 D = Time resting spent in this place.
 E = Time spent auto-exploring this place.
 F = Levels seen in this place.
 G = Mean time per level.
                   A        B        C        D        E       F      G
               +--------+--------+--------+--------+--------+-----+--------+
         Total |     66 |     66 |      0 |      0 |     44 |   1 |   66.0 |
       Dungeon |     66 |     66 |      0 |      0 |     44 |   1 |   66.0 |
               +--------+--------+--------+--------+--------+-----+--------+

Top non-repeatable levels by time:
     D:1: 66 daAuts
